 Dungeon Crawl Stone Soup version 0.21-a0-642-g5d013b2151 (webtiles) character file.

56 Kaname the Conjurer (level 3, -2/24 HPs)
             Began as a Demonspawn Wizard on Dec 31, 2017.
             Slain by a goblin
             ... wielding a +3 dagger
              (4 damage)
             ... on level 2 of the Dungeon.
             The game lasted 00:02:43 (1254 turns).

Kaname the Conjurer (Demonspawn Wizard)             Turns: 1254, Time: 00:02:43

Health: -2/24      AC:  2    Str:  5 (7)  XL:     3   Next: 71%
Magic:  1/7        EV: 12    Int: 22 (25) God:
Gold:   109        SH:  0    Dex:  9 (11) Spells: 2/8 levels left

rFire    + + .     SeeInvis .   e - +0 whip (venom)
rCold    x x .     Gourm    .   (no shield)
rNeg     . . .     Faith    .   a - +0 robe
rPois    .         Spirit   .   b - +0 hat
rElec    .         Reflect  .   (no cloak)
rCorr    .         Harm     .   (no gloves)
MR       .....                  (no boots)
Stlth    ++........             (no amulet)
HPRegen  0.08/turn              n - ring of fire
MPRegen  0.10/turn              k - ring of fire

@: brilliant, lethally poisoned (-2 -> -4)
A: powered by pain 1
a: no special abilities


You were on level 2 of the Dungeon.
You were hungry.

You visited 1 branch of the dungeon, and saw 2 of its levels.

You collected 109 gold pieces.

Inventory:

Hand Weapons
 e - a +0 whip of venom (weapon)
Missiles
 p - a throwing net (quivered)
Armour
 a - a +0 robe (worn)
 b - a +0 hat (worn)
Jewellery
 k - a ring of fire (right hand)
 n - a ring of fire (left hand)
Scrolls
 g - a scroll of teleportation {unknown}
 h - a scroll of enchant armour {unknown}
 i - a scroll of identify {unknown}
 l - a scroll of remove curse {unknown}
 o - a scroll of enchant weapon {unknown}
Potions
 m - a potion of resistance {unknown}
Books
 c - a book of Minor Magic

   Spells                             Type                      Level
   a - Magic Dart                     Conjuration                  1
   b - Blink                          Translocation                2
   c - Call Imp                       Summoning                    2
   d - Slow                           Hexes                        2
   e - Conjure Flame                  Conjuration/Fire             3
   f - Mephitic Cloud                 Conjuration/Poison/Air       3
Comestibles
 d - 4 rations


   Skills:
 - Level 1.7 Dodging
 - Level 1.7 Stealth
 - Level 3.0 Spellcasting
 - Level 3.1 Conjurations
   Level 1.0 Summonings
 - Level 1.0 Translocations
 + Level 0.7 Air Magic
 - Level 1.0 Poison Magic


You had 2 spell levels left.
You knew the following spells:

 Your Spells              Type           Power        Failure   Level  Hunger
a - Magic Dart            Conj           ####         1%          1    None
b - Blink                 Tloc           N/A          1%          2    ##.....
c - Mephitic Cloud        Conj/Pois/Air  ###.....     2%          3    ###....


Dungeon Overview and Level Annotations

Branches:
Dungeon (2/15)

Altars:

Annotations:
D:2 1 runed door, Terence


Innate Abilities, Weirdness & Mutations

You sometimes gain a little power by taking damage.


Message History

The frilled lizard closely misses you.
The goblin hits you with an enchanted dagger.
* * * LOW HITPOINT WARNING * * *
You hit the frilled lizard but do no damage.
You feel sick.
The frilled lizard bites you but does no damage.
The goblin hits you with an enchanted dagger.
* * * LOW HITPOINT WARNING * * *
It was a potion of degeneration.
There was something very wrong with that liquid.
You feel weakened.
You feel dopey.
You feel clumsy. The frilled lizard bites you.
* * * LOW HITPOINT WARNING * * *
The goblin barely misses you.
It was a potion of brilliance.
You feel clever all of a sudden. The frilled lizard bites you.
* * * LOW HITPOINT WARNING * * *
The goblin hits you with an enchanted dagger.
You die...

#.###..###......<.......
......†.†............#...
...###..g##.##.#..##.#...
.r.......##.##.#..##.#...
............##.#.........
#..####.######.#.......#.
#. #gr# #.###..#.... ##g#
#.# #.###... #@#
#.###..#.#.. #l#
#.#..#..# #. #.#
#.#.#.##.# .
#.#####......#....
............>.####
...######.##### ### #.#
#.# #.#


You could see a hobgoblin, a goblin, a frilled lizard and a rat.

Vanquished Creatures
  2 adders (D:2)
  2 oozes
  2 dart slugs
  2 leopard geckos
  3 giant cockroaches
  A goblin (D:2)
  3 hobgoblins (D:1)
  2 kobolds
  A quokka (D:2)
  2 bats (D:1)
  3 frilled lizards
  3 rats
26 creatures vanquished.

Notes
Turn   | Place    | Note
-------+----------+-------------------------------------------
     0 | D:1      | Kaname the Demonspawn Wizard began the quest for the Orb.
     0 | D:1      | Reached XP level 1. HP: 13/13 MP: 4/4
   219 | D:1      | Gained mutation: You sometimes gain a little power by taking damage. [demonic ancestry]
   219 | D:1      | Reached XP level 2. HP: 15/19 MP: 6/6
   223 | D:1      | Learned a level 2 spell: Blink
   906 | D:2      | Found a runed door.
  1006 | D:2      | Reached XP level 3. HP: 7/24 MP: 0/7
  1080 | D:2      | Learned a level 3 spell: Mephitic Cloud
  1102 | D:2      | Reached skill level 1 in Translocations
  1191 | D:2      | Reached skill level 1 in Poison Magic
  1236 | D:2      | Noticed Terence
  1254 | D:2      | Slain by a goblin

Vault maps used:
D:1:      eino_arrival_cavern_d
D:2:      kiku_gazebo_garden_becter, first_ration, uniq_crazy_yiuf_cottage,
          uniq_terence

Skill      XL: |  1  2  3 |
---------------+----------+-----
Conjurations   | 2 3 |  3.1
Translocations | 1 |  1.0
Poison Magic   | 1 |  1.0
Dodging        | |  1.7
Stealth        | |  1.7
Spellcasting   | |  3.0
Summonings     | |  1.0
Air Magic      | |  0.7

Action                   || total
-------------------------++-------
Melee: Whip              ||    52
 Cast: Magic Dart        ||    37
  Use: Potion            ||     4
Armor: Robe              ||     9
Dodge: Dodged            ||    33

Table legend:
 A = Spawn XP
 B = Non-spawn XP
 C = Spawn XP percentage of total XP
 D = Spawn monster count
 E = Non-spawn monster count
 F = Spawn count percentage of total count
 G = Total turns spent on level
                    A         B        C        D         E        F      G
               +---------+---------+-------+---------+---------+-------+---------
         Total |       0 |      81 |   0.0 |       0 |      26 |   0.0 |  1254
               +---------+---------+-------+---------+---------+-------+---------
           D:1 |       0 |      28 |   0.0 |       0 |      12 |   0.0 |   665
           D:2 |       0 |      53 |   0.0 |       0 |      14 |   0.0 |   589
               +---------+---------+-------+---------+---------+-------+---------
